 Dungeon Crawl Stone Soup version 0.30.0-5-g1a98f26d00 (webtiles) character file.

Game seed: 11635461346392849843

9001 fozzywoppz the Fighter (level 11, -4/72 HPs)
             Began as a Gargoyle Fighter on May 8, 2023.
             Was an Elder of Okawaru.
             Slain by a large abomination (27 damage)
             ... in a Gauntlet.
             The game lasted 00:29:07 (10471 turns).

fozzywoppz the Fighter (Gargoyle Fighter)          Turns: 10471, Time: 00:29:08

Health: -4/72      AC: 26    Str: 20    XL:     11   Next: 39%
Magic:  15/15      EV: 14    Int:  9    God:    Okawaru [****..]
Gold:   467        SH: 11    Dex: 14    Spells: 10/10 levels left

rFire   . . .        K - +2 whip (elec)
rCold   + . .        c - +0 buckler
rNeg    + . .        n - +0 chain mail
rPois   ∞            S - +1 helmet {SInv}
rElec   +            o - +0 cloak
rCorr   .            (no gloves)
SInv    +            E - +2 pair of boots of Insecurity {rC+ Dex+3}
Will    ++...        a - amulet "Xuiwa" {Reflect +Blink rElec Will++ Str-2 SH+5} Stlth
                     f - ring of flight
HPRegen 0.32/turn    M - +5 ring of evasion
MPRegen 0.14/turn

%: no teleportation, reflection
@: flying, hasted, very quick
A: sickness immunity, AC +8, negative energy resistance 1, electricity
resistance, torment resistance 1, petrification resistance
a: Renounce Religion, Evoke Blink, Heroism, Finesse


You were in a Gauntlet.
You worshipped Okawaru.
Okawaru was greatly pleased with you.
You visited 2 branches of the dungeon, and saw 12 of its levels.
You also visited: Sewer, Ossuary and Gauntlet.

You collected 600 gold pieces.
You spent 133 gold pieces at shops.

Inventory:

Hand Weapons
 p - the +4 hammer "Irchei" {holy, rPois rN+ Int-5}
   (You found it on level 2 of the Dungeon)

   Int:       It affects your intelligence (-5).
   rPois:     It protects you from poison.
   rN:        It protects you from negative energy.
 K - a +2 whip of electrocution (weapon)
 R - a -3 morningstar of holy wrath
Missiles
 i - a throwing net (quivered)
 k - 36 poisoned darts
Armour
 c - a +0 buckler (worn)
 n - a +0 chain mail (worn)
 o - a +0 cloak (worn)
 E - the +2 pair of boots of Insecurity (worn) {rC+ Dex+3}
   (You found it in a Gauntlet)

   Dex:       It affects your dexterity (+3).
   rC:        It protects you from cold.
 G - a +0 helmet
 P - a +0 troll leather armour
 S - a +1 helmet of see invisible (worn)
 V - the +3 cloak of Pitwinis {rElec rN++ Str-4}
   (You found it in a Gauntlet)

   Str:       It affects your strength (-4).
   rElec:     It insulates you from electricity.
   rN:        It greatly protects you from negative energy.
Jewellery
 a - the amulet "Xuiwa" (around neck) {Reflect +Blink rElec Will++ Str-2 SH+5}
   (You acquired it on level 10 of the Dungeon)

   [amulet of reflection]

   It reflects blocked missile attacks.
   Str:       It affects your strength (-2).
   rElec:     It insulates you from electricity.
   +Blink:    It lets you blink.
   SH:        It affects your SH (+5).
   Will:      It greatly increases your willpower.
 f - a ring of flight (left hand)
 g - a ring of wizardry
 h - an amulet of regeneration
 r - a ring of willpower
 w - a ring of protection from cold
 I - a ring of fire
 M - a +5 ring of evasion (right hand)
Wands
 t - a wand of flame (24)
 H - a wand of digging (13)
 Q - a wand of paralysis (3)
 T - a wand of acid (6)
Scrolls
 b - a scroll of poison
 j - 7 scrolls of teleportation
 q - 3 scrolls of blinking
 x - a scroll of vulnerability
 y - a scroll of enchant weapon {unknown}
 C - a scroll of summoning
 D - 2 scrolls of fear
 F - a scroll of magic mapping
 L - 2 scrolls of silence
Potions
 d - 7 potions of curing
 e - 4 potions of lignification
 l - a potion of ambrosia
 m - 2 potions of cancellation
 s - 3 potions of heal wounds
 u - a potion of flight
 v - a potion of brilliance
 z - a potion of might
 A - 3 potions of attraction
 B - 3 potions of haste
 J - 2 potions of mutation
 N - a potion of berserk rage
 O - a potion of magic {unknown}
 U - a potion of invisibility {unknown}


   Skills:
 - Level 10.0 Fighting
 + Level 9.4 Maces & Flails
 - Level 9.0 Armour
 + Level 2.9 Dodging
 - Level 8.6 Shields
 + Level 5.5 Invocations


You had 10 spell levels left.
You didn't know any spells.
Your spell library was empty.

Dungeon Overview and Level Annotations

Branches:
Dungeon (11/15)            Temple (1/1) D:7            Lair (0/5) D:11
    Orc (0/2) D:11          Sewer (visited)         Ossuary (visited)
Gauntlet (1/1)

Altars:
Ashenzari
Cheibriados
Dithmenos
Elyvilon
Fedhas
Gozag
Hepliaklqana
Kikubaaqudgha
Makhleb
Nemelex Xobeh
Okawaru
Qazlal
Ru
Sif Muna
Trog
Uskayaw
Vehumet
Wu Jian
Xom
Yredelemnul
Zin
The Shining One

Shops:
D:4 =   D:6 ?

Annotations:
Gauntlet 12 transporters, 21 runed translucent doors, exclusion: lightning spire


Innate Abilities, Weirdness & Mutations

You are immune to sickness and miasma.
Your stone body is resilient. (AC +8)
You are immune to poison.
You resist negative energy. (rN+)
You are resistant to electric shocks. (rElec)
You are resistant to unholy torment.
You are immune to petrification.


Message History

The small abomination is lightly damaged.
You block the small abomination's attack.
You hit the small abomination but do no damage.
Lightning courses through the small abomination!
The small abomination is heavily damaged.
You closely miss the small abomination.
The small abomination is heavily damaged.
You barely miss the small abomination.
The small abomination is heavily damaged.
The small abomination hits you but does no damage.
The small abomination enters a dispersal trap!
The large abomination blinks! x2; The small abomination blinks!
The large abomination blinks! x3; You blink.
The small abomination blinks!
Unknown command.
You see here the +3 cloak of Pitwinis {rElec rN++ Str-4}.
V - the +3 cloak of Pitwinis {rElec rN++ Str-4} The large abomination hits you!
There is a transporter here.
You enter the transporter and appear at another place.
The small abomination hits you but does no damage.
You block the small abomination's attack.
Unknown command.
You hit the large abomination.
Lightning courses through the large abomination!
The large abomination is moderately damaged.
You block the large abomination's attack.
You hit the large abomination but do no damage.
The large abomination is moderately damaged.
You block the small abomination's attack.
The small abomination hits you!
The flying skull gives a hideous shriek!
You hit the large abomination but do no damage.
The large abomination is moderately damaged.
You hear a hideous shriek!
You hit the large abomination but do no damage.
The large abomination is moderately damaged.
The small abomination closely misses you.
The small abomination hits you but does no damage.
The large abomination hits you!!
You die...

# . .## .. #.# #.# #.#
#####.###.###.#####
#≈............xX.≈#
###8..©.©.©.©.©.@x.8#### ### ###
8##≈...............≈##8# #8# #8#
#################################
..........≈∩≈....................
.................................
###########.###########.#########
#..[$©)z.z#.#../!©."..#.#..?(©.=.
#......zz.#.#^#.....#.#.#....8...
#.#######z#.#.^#####^Y#.#..#...#.


You could see a large abomination, 2 small abominations and a flying skull.

Vanquished Creatures
  A two-headed ogre (D:10)
  An oklob plant (Gauntlet)
  An ugly thing (D:9)
  A troll (D:7)
  A raiju (Gauntlet)
  Sigmund (D:2)
  13 yaks
  3 steam dragons
  Grum (D:8)
  3 vampire mosquitoes (D:10)
  Menkaure (Ossuary)
  An acid dragon (Gauntlet)
  A water moccasin (D:7)
  4 orc warriors
  2 sky beasts
  2 ogres (D:4)
  3 centaurs
  2 wolves (D:8)
  A phantom (D:5)
  5 bullfrogs
  A kobold brigand (D:7)
  A gnoll sergeant (D:9)
  7 scorpions
  9 killer bees (D:9)
  4 howler monkeys
  2 lava snakes (D:10)
  A crimson imp (D:8)
  A hound (D:5)
  A gnoll bouda (D:7)
  2 jellies (D:6)
  6 orc priests
  Crazy Yiuf (D:2)
  A sleepcap (D:8)
  2 iguanas
  7 orc wizards
  Natasha (thrice) (D:2)
  3 mummies (Ossuary)
  13 gnolls
  6 river rats
  11 adders
  2 shadow imps
  4 white imps
  3 ufetubi (D:5)
  7 worms
  29 orcs
  7 ball pythons
  10 endoplasms
  4 giant cockroaches
  7 gnoll zombies (Ossuary)
  8 goblins
  3 hobgoblins
  8 jackals
  14 kobolds
  5 quokkas
  10 bats
  11 frilled lizards
  4 gnoll skeletons (Ossuary)
  7 goblin skeletons (Ossuary)
  2 goblin zombies (Ossuary)
  3 hobgoblin skeletons (Ossuary)
  3 hobgoblin zombies (Ossuary)
  4 kobold skeletons (Ossuary)
  4 kobold zombies (Ossuary)
  2 orc skeletons (Ossuary)
  3 orc zombies (Ossuary)
  10 rats
  5 rat skeletons (Ossuary)
  8 rat zombies
317 creatures vanquished.

Notes
Turn   | Place    | Note
-------+----------+-------------------------------------------
     0 | D:1      | fozzywoppz the Gargoyle Fighter began the quest for the
                  | Orb.
     0 | D:1      | Reached XP level 1. HP: 14/14 MP: 1/1
   109 | D:1      | Reached XP level 2. HP: 19/19 MP: 2/2
   593 | D:1      | Reached XP level 3. HP: 24/24 MP: 3/3
   857 | D:2      | Noticed Natasha
   866 | D:2      | Killed Natasha
   880 | D:2      | Reached XP level 4. HP: 29/29 MP: 4/4
   903 | D:2      | Noticed Natasha
   920 | D:2      | Killed Natasha
   921 | D:2      | Reached skill level 4 in Fighting
   942 | D:2      | Noticed Sigmund
   956 | D:2      | Killed Sigmund
   957 | D:2      | Reached XP level 5. HP: 7/34 MP: 5/5
   957 | D:2      | Reached XP level 6. HP: 9/39 MP: 6/6
  1519 | D:2      | Noticed Natasha
  1529 | D:2      | Killed Natasha
  1553 | D:2      | Found a runed translucent door.
  1554 | D:2      | Noticed Crazy Yiuf
  1563 | D:2      | Killed Crazy Yiuf
  1573 | D:2      | Identified the +4 hammer "Irchei" {holy, rPois rN+ Int-5}
  1740 | D:3      | Found a hazy altar of Hepliaklqana.
  2174 | D:3      | Found a glowing drain.
  2178 | Sewer    | Entered a sewer
  2186 | Sewer    | Reached skill level 5 in Armour
  2194 | Sewer    | Reached skill level 5 in Fighting
  2194 | Sewer    | Reached skill level 5 in Shields
  2365 | Sewer    | Reached XP level 7. HP: 44/44 MP: 7/7
  2770 | D:3      | Found a white marble altar of Elyvilon.
  2771 | D:3      | Found a glowing golden altar of the Shining One.
  2771 | D:3      | Found a glowing silver altar of Zin.
  2895 | D:4      | Found Veidulea's Jewellery Boutique.
  2907 | D:4      | Found a sand-covered staircase.
  2914 | Ossuary  | Entered an ossuary
  3156 | Ossuary  | Noticed Menkaure
  3164 | Ossuary  | Killed Menkaure
  3316 | D:4      | Found a shimmering blue altar of Sif Muna.
  3366 | D:4      | Found a burning altar of Makhleb.
  3526 | D:4      | Reached XP level 8. HP: 51/51 MP: 8/8
  3566 | D:4      | Found an ornate altar of the Wu Jian Council.
  3589 | D:4      | Reached skill level 6 in Fighting
  3635 | D:4      | Reached skill level 5 in Maces & Flails
  3974 | D:5      | Entered Level 5 of the Dungeon
  5322 | D:6      | Found Verram's Magic Scroll Boutique.
  5330 | D:6      | Bought a scroll of blinking for 105 gold pieces
  5330 | D:6      | Bought a scroll of identify for 28 gold pieces
  5471 | D:6      | Reached skill level 7 in Fighting
  5471 | D:6      | Reached XP level 9. HP: 57/57 MP: 9/9
  6071 | D:7      | Found a staircase to the Ecumenical Temple.
  6339 | D:7      | Noticed a troll
  6355 | D:7      | Killed a troll
  6438 | D:7      | Paralysed by a kobold brigand for 3 turns
  6633 | Temple   | Entered the Ecumenical Temple
  6722 | Temple   | Became a worshipper of Warmaster Okawaru
  6817 | D:8      | Noticed Grum
  6847 | D:8      | Reached skill level 8 in Fighting
  6858 | D:8      | Killed Grum
  6858 | D:8      | Reached * piety under Okawaru
  6932 | D:8      | Reached XP level 10. HP: 62/64 MP: 10/10
  7198 | D:8      | Reached ** piety under Okawaru
  7733 | D:9      | Reached skill level 9 in Fighting
  7845 | D:9      | Noticed a green ugly thing
  7848 | D:9      | Reached skill level 1 in Invocations
  7890 | D:9      | Killed a green ugly thing
  8120 | D:9      | Reached *** piety under Okawaru
  8317 | D:9      | Found a shadowy altar of Dithmenos.
  8317 | D:9      | Found a sparkling altar of Nemelex Xobeh.
  8323 | D:9      | Found a broken altar of Ashenzari.
  8325 | D:9      | Found a radiant altar of Vehumet.
  8326 | D:9      | Found a snail-covered altar of Cheibriados.
  8532 | D:10     | Entered Level 10 of the Dungeon
  8552 | D:10     | Identified a scroll of acquirement
  8552 | D:10     | Acquired the amulet "Xuiwa" {Reflect +Blink rElec Will++
                  | Str-2 SH+5}
  8670 | D:10     | Noticed a two-headed ogre
  8691 | D:10     | Killed a two-headed ogre
  8692 | D:10     | Reached skill level 1 in Dodging
  8692 | D:10     | Reached XP level 11. HP: 29/72 MP: 12/14
  8908 | D:10     | Reached skill level 10 in Fighting
  9560 | D:10     | Found a bloodstained altar of Trog.
  9614 | D:10     | Reached **** piety under Okawaru
  9631 | D:11     | Reached skill level 5 in Invocations
  9647 | D:11     | Found a gate leading to a gauntlet.
  9653 | D:11     | Noticed a manticore
  9656 | Gauntlet | Entered a Gauntlet
  9656 | Gauntlet | Found a transporter.
  9730 | Gauntlet | Found a transporter.
  9733 | Gauntlet | Noticed a worldbinder
  9747 | Gauntlet | Found a transporter.
  9749 | Gauntlet | Found a large runed translucent door.
  9749 | Gauntlet | Found a large runed translucent door.
  9750 | Gauntlet | Found a large runed translucent door.
  9750 | Gauntlet | Found a large runed translucent door.
  9751 | Gauntlet | Found a runed translucent door.
  9751 | Gauntlet | Found a large runed translucent door.
  9751 | Gauntlet | Found a large runed translucent door.
  9751 | Gauntlet | Found a runed translucent door.
  9751 | Gauntlet | Found a large runed translucent door.
  9751 | Gauntlet | Found a large runed translucent door.
  9752 | Gauntlet | Found a large runed translucent door.
  9752 | Gauntlet | Found a large runed translucent door.
  9754 | Gauntlet | Found a transporter.
  9760 | Gauntlet | Noticed a reaper
  9770 | Gauntlet | Found a transporter.
  9785 | Gauntlet | Found a large runed translucent door.
  9786 | Gauntlet | Found a large runed translucent door.
  9787 | Gauntlet | Found a large runed translucent door.
  9788 | Gauntlet | Found a runed translucent gate.
  9788 | Gauntlet | Noticed a moth of wrath
  9789 | Gauntlet | Found a transporter.
  9789 | Gauntlet | Found a runed translucent gate.
  9790 | Gauntlet | Found a runed translucent gate.
  9791 | Gauntlet | Found a large runed translucent door.
  9792 | Gauntlet | Found a large runed translucent door.
  9793 | Gauntlet | Found a large runed translucent door.
  9801 | Gauntlet | Found a transporter.
  9811 | Gauntlet | Noticed a death yak
  9811 | Gauntlet | Noticed a death yak
  9812 | Gauntlet | Noticed a death yak
  9813 | Gauntlet | Found a transporter.
  9813 | Gauntlet | Noticed a death yak
  9813 | Gauntlet | Noticed a death yak
  9825 | Gauntlet | Found a transporter.
  9836 | Gauntlet | Noticed a large abomination
  9837 | Gauntlet | Found a transporter.
  9855 | Gauntlet | Found a transporter.
  9872 | Gauntlet | Found a transporter.
  9874 | Gauntlet | Found a transporter.
  9875 | Gauntlet | Noticed an oklob plant
  9913 | Gauntlet | Found a transporter.
  9915 | Gauntlet | Found a transporter.
  9935 | Gauntlet | Found a transporter.
  9937 | Gauntlet | Found a transporter.
  9939 | Gauntlet | Found a transporter.
 10101 | Gauntlet | Identified the +2 pair of boots of Insecurity {rC+ Dex+3}
 10290 | Gauntlet | Killed an oklob plant
 10447 | Gauntlet | Identified the +3 cloak of Pitwinis {rElec rN++ Str-4}
 10471 | Gauntlet | Slain by a large abomination

Illustrated notes

Levels and vault maps discovered:
D:1:      mrwooster_arrival_statue_2, layout_loops_cross, grunt_decor_resistance
D:2:      layout_basic, amcnicky_mini_corridor_feature, uniq_sigmund,
          uniq_natasha, uniq_crazy_yiuf_cottage
D:3:      minmay_angry_zag, layout_loops_ring, dreamdust_divine_triumvirate,
          nicolae_hepliaklqana_hazy_memory, lightli_sewer_entry_pipes
D:4:      layout_gridville, grunt_temple_overflow_open,
          nicolae_wu_jian_wuxing_cycle, enter_ossuary_4, serial_shops, shop,
          hangedman_feature_mirror, grunt_ministairs_4, serial_bayou_pond_d,
          corexii_leaking_fountain, minmay_misc_feat_tower
D:5:      layout_basic, amcnicky_mini_pool_small
D:6:      layout_basic, serial_shops, nicolae_shop_tiny_statue_garden,
          kennysheep_potato
D:7:      layout_loops_ring, minmay_temple_entry_junction,
          kennysheep_generic_room_7
D:8:      old_forge, layout_basic, minmay_statues_item, minmay_fire_ice_demons,
          uniq_grum
D:9:      layout_roguey, chequers_temple_overflow_minitemple
D:10:     layout_irregular_city, general_overflow_altar, grunt_decor_junction
D:11:     lemuel_reptile_caves, layout_irregular_city, lair_entry_dummy,
          orc_0_dummy, gauntlet_entry_generic
Temple:   compressed_dpeg_triangle_lava_temple
Gauntlet: gammafunk_gauntlet_one_two_three [nicolae_gauntlet_arena_grate_2,
          nicolae_gauntlet_arena_t_cross, gammafunk_gauntlet_arena_corners,
          nicolae_gauntlet_arena_flowing_pool,
          minmay_gauntlet_arena_make_your_own_arena,
          gammafunk_gauntlet_arena_teeth, nicolae_gauntlet_arena_blocks,
          gammafunk_gauntlet_arena_hedges, nicolae_gauntlet_arena_x,
          gauntlet_exit_hidden_loot]

Skill      XL: |  1  2  3  4  5  6  7  8  9 10 11 |
---------------+----------------------------------+-----
Fighting       | 4 5 7 8 9 10 | 10.0
Armour         | 4 5 7 8 9 |  9.0
Shields        | 4 5 7 8 |  8.6
Maces & Flails | 3 4 5 7 8 9 |  9.4
Invocations    | 4 5 |  5.5
Dodging        | 1 2 |  2.9

Action                     |  1- 3 |  4- 6 |  7- 9 | 10-12 || total
---------------------------+-------+-------+-------+-------++-------
  Melee: Flail             |    79 |    60 |       |       ||   139
         Mace              |       |   119 |   382 |       ||   501
         Whip              |       |       |   131 |   442 ||   573
 Invoke: Heroism           |       |       |       |     1 ||     1
  Evoke: Wand              |       |       |     1 |     1 ||     2
    Use: Potion            |       |     2 |       |     2 ||     4
         Scroll            |       |     2 |    12 |     9 ||    23
 Armour: Scale mail        |    33 |    25 |       |       ||    58
         Chain mail        |       |    64 |   356 |   176 ||   596
  Dodge: Dodged            |    47 |    53 |   183 |   152 ||   435
  Block: Buckler           |    13 |    41 |   119 |   135 ||   308
         Reflection        |       |       |       |     2 ||     2
